Map: 2000 Atmospheres LE

Players

Serral

  • Race: Zerg Zerg

ShoWTimE - Winner!

  • Race: Protoss Protoss

Event: DreamHack SC2 Masters 2021 Winter

VOD

Have the link to the VOD?

Description

Time

  • Played on: Oct. 16, 2021, 12:39 p.m.
  • Length: 18:35

All games in this series

Show
View Real Time Build Order
Export as new Build Order

Serral Zerg 

Build Orders: Hatch First, Brood Lord Corruptor 

Get SALT Encoding   

  12  0:00  Drone  
  13  0:12  Overlord  
  13  0:16  Drone  
  14  0:30  Drone x2  
  16  0:47  Hatchery  
  15  0:51  Drone  
  15  0:55  Drone  
  17  0:57  Drone  
  18  1:09  Extractor  
  17  1:13  Spawning Pool  
  17  1:16  Drone  
  17  1:19  Drone  
  18  1:27  Drone  
  19  1:38  Drone  
  20  1:49  Overlord  
  20  1:59  Queen x2  
  20  2:00  Zergling x4  
  26  2:10  Drone x2  
  26  2:11  Metabolic Boost  
  28  2:21  Drone x2  
  30  2:35  Queen  
  32  2:41  Hatchery  
  32  2:43  Drone  
  32  2:45  Drone  
  32  2:49  Overlord  
  33  2:54  Drone  
  34  2:59  Drone  
  34  3:00  Zergling x2  
  35  3:08  Overlord  
  35  3:11  Drone x4  
  39  3:13  Zergling x2  
  39  3:14  Zergling x2  
  39  3:16  Zergling x2  
  42  3:21  Drone  
  43  3:29  Spore Crawler  
  43  3:30  Drone  
  43  3:32  Drone  
  44  3:34  Queen  
  44  3:35  Queen  
  44  3:41  Zergling x4  
  49  3:43  Drone  
  49  3:44  Drone  
  49  3:45  Drone  
  49  3:47  Overlord  
  52  3:50  Overlord  
  52  3:59  Drone x3, Spore Crawler  
  52  4:00  Drone  
  55  4:06  Drone x2  
  57  4:13  Drone x2  
  57  4:15  Zergling x2  
  57  4:16  Overlord  
  60  4:18  Drone x4  
  60  4:23  Zergling x2  
  65  4:28  Drone x3  
  68  4:32  Overlord  
  68  4:33  Roach Warren  
  68  4:36  Drone x2  
  68  4:37  Spore Crawler  
  68  4:41  Lair  
  68  4:43  Zergling x2, Extractor  
  68  4:44  Zergling x2, Extractor  
  67  4:46  Spore Crawler  
  67  4:50  Queen  
  66  4:52  Drone  
  66  4:53  Drone  
  66  4:57  Drone x2  
  69  5:00  Drone x3  
  69  5:04  Drone x3  
  75  5:08  Overlord  
  75  5:10  Drone x2  
  75  5:13  Drone  
  78  5:14  Drone  
  78  5:19  Extractor  
  78  5:20  Drone x4, Extractor  
  81  5:24  Overlord  
  81  5:26  Overlord  
  80  5:30  Drone x6  
  80  5:35  Extractor  
  82  5:36  Drone x2  
  82  5:37  Evolution Chamber  
  82  5:41  Glial Reconstitution  
  82  5:42  Drone  
  84  5:48  Drone x2  
  84  5:49  Hatchery  
  85  5:51  Overseer  
  85  5:55  Drone  
  86  5:58  Infestation Pit  
  86  6:01  Spire, Roach  
  86  6:04  Roach x2  
  86  6:05  Roach  
  86  6:06  Drone  
  86  6:10  Roach  
  86  6:11  Roach  
  97  6:15  Zerg Missile Weapons Level 1  
  97  6:16  Overlord  
  97  6:19  Overlord  
  97  6:20  Roach x2  
  97  6:24  Drone x4  
  105  6:29  Overlord x3  
  104  6:34  Overlord  
  101  6:43  Drone  
  101  6:44  Drone x3  
  103  6:47  Zergling x4, Roach x3  
  103  6:53  Roach x2  
  114  6:54  Ravager x4  
  114  6:55  Ravager x3  
  114  6:58  Zergling x8  
  114  7:01  Queen  
  125  7:07  Drone  
  125  7:08  Drone x6  
  134  7:12  Hive  
  134  7:16  Baneling Nest  
  134  7:20  Drone x2  
  134  7:21  Drone x2  
  135  7:24  Drone x3, Extractor  
  135  7:25  Drone, Extractor  
  135  7:29  Drone, Overlord x2  
  138  7:32  Roach x2  
  142  7:38  Drone  
  142  7:39  Evolution Chamber  
  142  7:41  Roach x4  
  150  7:45  Overlord  
  150  7:49  Pneumatized Carapace  
  150  7:54  Roach x4  
  158  7:59  Roach x5  
  158  8:00  Ravager x4  
  158  8:01  Centrifugal Hooks  
  173  8:05  Zergling x10  
  173  8:06  Zergling x2  
  177  8:16  Zergling x18, Zerg Melee Weapons Level 1  
  179  8:23  Overlord  
  177  8:31  Greater Spire  
  174  8:35  Zerg Missile Weapons Level 2  
  174  8:37  Adrenal Glands  
  174  8:41  Zergling x4  
  176  8:44  Overlord x2  
  176  8:46  Hatchery  
  176  8:47  Overlord  
  174  8:56  Zergling x10  
  174  8:57  Zergling x10  
  174  8:59  Baneling  
  174  9:00  Baneling x7  
  174  9:01  Baneling x3  
  183  9:09  Roach x5  
  188  9:10  Baneling x4  
  188  9:15  Zergling x14  
  195  9:18  Baneling x3  
  195  9:19  Baneling x9  
  195  9:21  Baneling x5  
  195  9:27  Zergling x8  
  199  9:37  Corruptor  
  199  9:38  Corruptor  
  200  9:42  Spine Crawler x2  
  196  9:46  Overseer  
  196  9:48  Overlord  
  196  9:56  Baneling x4  
  194  10:04  Zergling x10  
  194  10:05  Baneling x10  
  199  10:17  Brood Lord  
  199  10:25  Brood Lord  
  194  10:34  Zergling x28  
  158  10:36  Zergling x16  
  158  10:37  Zergling x14  
  158  10:39  Roach  
  158  10:40  Roach x3  
  178  10:47  Roach  
  178  10:48  Roach x2  
  175  10:56  Corruptor x4  
  181  11:02  Corruptor  
  181  11:03  Overseer  
  183  11:06  Overlord  
  183  11:09  Zerg Melee Weapons Level 2  
  183  11:11  Zerg Ground Armor Level 1  
  183  11:19  Hatchery, Baneling x2  
  183  11:25  Roach x7  
  187  11:31  Brood Lord x3  
  170  11:34  Brood Lord  
  170  11:35  Roach x2  
  167  11:46  Roach  
  167  11:47  Roach x6  
  154  11:59  Roach x5  
  138  12:13  Corruptor x3  
  144  12:15  Overseer  
  144  12:22  Hatchery  
  143  12:27  Corruptor x2  
  147  12:41  Corruptor  
  149  12:46  Roach x4  
  147  12:59  Brood Lord  
  147  13:03  Brood Lord  
  151  13:06  Spore Crawler x2  
  151  13:08  Brood Lord, Zergling x14  
  151  13:09  Zergling x2  
  151  13:11  Overlord  
  157  13:22  Overlord x3  
  157  13:27  Zergling x4  
  133  13:44  Roach x7  
  141  13:51  Roach x2  
  145  13:56  Corruptor x3  
  145  14:00  Queen x2  
  155  14:05  Corruptor  
  155  14:07  Overseer  
  155  14:14  Drone x2  
  155  14:23  Corruptor x2  
  159  14:25  Zergling x4  
  161  14:31  Brood Lord  
  161  14:33  Brood Lord  
  163  14:38  Brood Lord  
  163  14:45  Zergling x10  
  164  14:55  Brood Lord x2  
  164  14:58  Brood Lord  
  167  15:02  Zergling x6  
  166  15:12  Roach x4  
  172  15:21  Queen x2  
  174  15:30  Roach x4  
  181  15:37  Queen  
  181  15:42  Corruptor  
  179  15:48  Corruptor x2  
  175  15:58  Zergling x12  
  143  16:12  Roach  
  143  16:13  Zergling x8  
  143  16:14  Zergling x8  
  143  16:16  Roach  
  144  16:22  Roach x2  
  144  16:23  Roach  
  146  16:27  Roach  
  146  16:28  Roach  
  148  16:35  Brood Lord  
  148  16:38  Roach x2  
  154  16:46  Brood Lord  
  156  16:48  Brood Lord  
  156  16:51  Ravager  
  156  16:52  Ravager  
  160  16:59  Roach x4  
  140  17:03  Roach x2  
  140  17:06  Roach x2  
  147  17:09  Ravager x3  
  147  17:10  Ravager  
  153  17:15  Roach  
  153  17:16  Roach  
  153  17:19  Ravager  
  153  17:20  Ravager x5  
  161  17:24  Roach x2  
  161  17:37  Roach  
  161  17:38  Roach x4  
  164  17:50  Hatchery  
  153  17:59  Zergling x8  
  138  18:16  Zergling x10  
Show
View Real Time Build Order
Export as new Build Order

ShoWTimE Protoss - Winner!

Build Orders: 1 Gate Expand, Oracle Opening 

Get SALT Encoding   

  12  0:00  Probe  
  13  0:12  Probe  
  14  0:18  Pylon  
  14  0:24  Probe (Chrono Boost)  
  15  0:36  Probe (Chrono Boost)  
  15  0:38  Gateway  
  16  0:45  Probe (Chrono Boost)  
  16  0:46  Assimilator  
  17  0:51  Probe  
  18  1:03  Probe  
  19  1:15  Probe  
  20  1:23  Nexus  
  20  1:34  Cybernetics Core  
  20  1:36  Probe  
  21  1:41  Assimilator  
  21  1:48  Probe  
  21  1:50  Pylon  
  22  2:00  Probe  
  23  2:07  Adept (Chrono Boost)  
  23  2:12  Probe  
  26  2:20  Stargate  
  26  2:25  Probe (Chrono Boost)  
  26  2:28  Adept (Chrono Boost)  
  27  2:34  Warp Gate  
  27  2:35  Probe (Chrono Boost)  
  31  2:42  Probe (Chrono Boost)  
  32  2:45  Probe (Chrono Boost)  
  32  2:49  Probe (Chrono Boost)  
  32  2:50  Adept, Probe (Chrono Boost)  
  36  3:00  Probe  
  36  3:02  Probe  
  36  3:03  Pylon  
  36  3:04  Oracle (Chrono Boost)  
  41  3:13  Probe  
  41  3:14  Probe  
  43  3:20  Adept  
  43  3:24  Gateway  
  43  3:25  Probe  
  43  3:26  Probe  
  47  3:36  Oracle (Chrono Boost)  
  47  3:37  Probe  
  47  3:38  Probe  
  52  3:49  Probe, Pylon  
  52  3:50  Probe  
  54  3:59  Nexus  
  54  4:04  Oracle (Chrono Boost)  
  54  4:07  Probe x2  
  54  4:09  Pylon  
  59  4:13  Assimilator  
  59  4:15  Assimilator  
  59  4:19  Probe x2  
  61  4:27  Stalker  
  61  4:29  Adept, Pylon  
  66  4:31  Probe x2  
  67  4:43  Probe x2  
  67  4:44  Robotics Facility  
  69  4:45  Pylon  
  69  4:55  Probe x2  
  69  4:56  Forge  
  69  4:57  Gateway  
  71  5:01  Sentry x2  
  75  5:08  Probe (Chrono Boost)  
  75  5:11  Probe (Chrono Boost)  
  75  5:12  Probe (Chrono Boost), Shield Battery  
  78  5:19  Probe (Chrono Boost)  
  81  5:22  Probe (Chrono Boost)  
  81  5:23  Probe (Chrono Boost)  
  81  5:24  Probe (Chrono Boost)  
  81  5:27  Probe (Chrono Boost)  
  82  5:29  Protoss Ground Weapons Level 1 (Chrono Boost)  
  82  5:31  Immortal (Chrono Boost), Probe  
  82  5:33  Robotics Bay  
  82  5:34  Probe  
  87  5:38  Probe  
  87  5:39  Pylon  
  88  5:43  Assimilator  
  88  5:44  Assimilator, Probe  
  88  5:46  Probe, Sentry  
  92  5:50  Pylon  
  92  5:56  Stalker x2  
  96  5:59  Gateway  
  96  6:03  Gateway, Observer  
  97  6:04  Gateway  
  97  6:09  Photon Cannon  
  97  6:10  Probe  
  99  6:11  Probe  
  99  6:12  Probe  
  100  6:23  Stalker x3  
  100  6:25  Disruptor (Chrono Boost)  
  106  6:30  Twilight Council  
  109  6:34  Probe x3  
  112  6:42  Phoenix  
  112  6:44  Pylon  
  114  6:48  Nexus  
  114  6:54  Probe x3  
  114  6:56  Pylon  
  117  7:02  Disruptor (Chrono Boost)  
  117  7:06  Charge  
  120  7:09  Dark Shrine  
  120  7:11  Probe x2  
  120  7:12  Phoenix  
  124  7:23  Probe x2  
  124  7:25  Photon Cannon  
  124  7:26  Photon Cannon  
  126  7:30  Gateway  
  126  7:31  Gateway, Protoss Ground Weapons Level 2 (Chrono Boost)  
  126  7:33  Disruptor (Chrono Boost)  
  126  7:35  Gateway  
  126  7:37  Photon Cannon, Gateway  
  129  7:38  Photon Cannon  
  129  7:45  Probe x3  
  129  7:48  Assimilator  
  132  7:52  Pylon  
  132  7:53  Assimilator  
  132  7:57  Probe  
  133  8:00  Probe x2  
  133  8:02  Photon Cannon  
  133  8:03  Shield Battery  
  135  8:06  Warp Prism  
  135  8:07  Gateway  
  137  8:17  Zealot x5  
  145  8:26  Pylon  
  145  8:38  Gateway, Pylon  
  145  8:40  Gateway  
  145  8:42  Dark Templar x5  
  145  8:46  Archon x2  
  145  8:47  Dark Templar  
  145  8:48  Dark Templar x3  
  163  8:52  Archon x2  
  163  8:57  Pylon  
  163  8:58  Pylon x2  
  163  8:59  Blink (Chrono Boost)  
  163  9:08  Dark Templar  
  163  9:09  Dark Templar  
  167  9:13  Archon  
  167  9:17  Dark Templar x4  
  167  9:21  Archon x2  
  167  9:22  Dark Templar  
  173  9:34  Dark Templar x2  
  177  9:39  Archon  
  177  9:40  Stalker  
  177  9:41  Stalker x2, Archon  
  177  9:43  Protoss Ground Weapons Level 3 (Chrono Boost)  
  183  9:55  Zealot x6  
  183  9:58  Pylon  
  195  10:03  Zealot x2  
  196  10:09  Nexus  
  196  10:10  Pylon  
  196  10:17  Zealot x4  
  196  10:18  Zealot x2  
  196  10:26  Zealot x5  
  196  10:29  Disruptor  
  157  10:50  Dark Templar x9  
  157  10:53  Dark Templar  
  157  10:55  Archon x4  
  165  10:57  Stalker  
  165  10:58  Stalker, Zealot, Archon  
  165  11:03  Photon Cannon  
  171  11:05  Photon Cannon  
  171  11:07  Shield Battery  
  171  11:09  Pylon  
  171  11:25  Stalker x10  
  183  11:31  Stalker x3  
  171  11:40  Disruptor  
  148  11:49  Zealot x7  
  159  11:55  Zealot x2  
  147  12:03  Zealot x4  
  149  12:18  Zealot x3  
  149  12:19  Probe x2  
  149  12:20  Probe x2  
  149  12:22  Dark Templar x3  
  163  12:28  Dark Templar  
  163  12:31  Stalker x2  
  161  12:38  Stalker x2  
  161  12:40  Protoss Shields Level 1 (Chrono Boost)  
  155  12:52  Stalker  
  155  12:53  Stalker x4  
  163  13:06  Nexus  
  155  13:22  Stalker x6  
  155  13:25  Stalker x2  
  143  13:43  Disruptor (Chrono Boost)  
  132  13:48  Stalker x3  
  132  13:49  Stalker x2, Pylon  
  134  13:57  Stalker x3  
  134  13:58  Stalker  
  142  14:04  Void Ray  
  146  14:22  Zealot x9  
  164  14:26  Stalker, Disruptor (Chrono Boost)  
  161  15:03  Stalker x9  
  161  15:04  Stalker x4  
  181  15:15  Assimilator  
  181  15:18  Assimilator  
  181  15:22  Photon Cannon  
  181  15:29  Zealot x9  
  171  15:53  Stalker  
  171  15:56  Stalker x5  
  171  15:57  Stalker x5  
  179  15:58  Protoss Ground Armor Level 1 (Chrono Boost)  
  165  16:17  Stalker x3  
  147  16:37  Stalker x5  
  147  16:38  Stalker x3  
  163  16:44  Pylon  
  163  16:46  Stalker x3  
  162  17:03  Zealot x7  
  166  17:15  Nexus  
  166  17:17  Stalker  
  166  17:19  Observer (Chrono Boost)  
  169  17:25  Stalker x3  
  175  17:30  Stalker  
  175  17:34  Zealot x2  
  165  17:45  Void Ray (Chrono Boost)  
  165  17:47  Stalker x2  
  165  17:48  Stalker x2  
  154  18:14  Stalker x2  
  154  18:15  Stalker x5  
  158  18:21  Stalker  
  160  18:29  Stalker x3  

Tags
 
Add a new tag
Caveats
  • Supply blocks, unpowered buildings, or Contaminate may cause inaccurate times.
  • Supply counts are checked every 10 seconds.